 Dungeon Crawl Stone Soup version 0.21.1-1-g345015fe64 (webtiles) character file.

99 Holzbalken the Insei (level 4, 0/28 HPs)
             Began as an Octopode Transmuter on July 6, 2018.
             Slain by Terence
             ... wielding a +0 hand axe
              (7 damage)
             ... on level 2 of the Dungeon.
             The game lasted 00:19:57 (2596 turns).

Holzbalken the Insei (Octopode Transmuter)          Turns: 2596, Time: 00:19:57

Health: 0/28       AC:  1    Str:  9    XL:     4   Next: 72%
Magic:  2/8        EV: 13    Int: 15    God:
Gold:   119        SH:  0    Dex: 13    Spells: 6/9 levels left

rFire    . . .     SeeInvis .     - Unarmed
rCold    . . .     Gourm    .   (no shield)
rNeg     . . .     Faith    .   (helmet restricted)
rPois    .         Spirit   .   (no amulet)
rElec    .         Reflect  .   (no ring)
rCorr    .         Harm     .   (no ring)
MR       .....                  (no ring)
Stlth    ++........             (no ring)
HPRegen  0.09/turn              (no ring)
MPRegen  0.11/turn              (no ring)
                                (no ring)
                                (no ring)

@: no status effects
A: almost no armour, stealthy swim, amphibious, 8 rings, constrict 8, camouflage
1, gelatinous body 1
a: no special abilities


You were on level 2 of the Dungeon.
You were hungry.

You visited 1 branch of the dungeon, and saw 2 of its levels.

You collected 119 gold pieces.

Inventory:

Missiles
 a - 49 arrows
Jewellery
 o - an uncursed ring of resist corrosion {unknown}
Scrolls
 e - 2 scrolls of immolation {unknown}
 f - 2 scrolls of random uselessness {unknown}
 h - 2 scrolls of remove curse {unknown}
 i - 2 scrolls of magic mapping {unknown}
 j - a scroll of teleportation {unknown}
 l - a scroll of enchant armour {unknown}
 n - 2 scrolls of identify {unknown}
Potions
 d - a potion of might {unknown}
 g - a potion of invisibility {unknown}
 k - 2 potions of flight {unknown}
 m - 2 potions of curing {unknown}
Books
 b - a book of Changes

   Spells                             Type                      Level
   a - Beastly Appendage              Transmutation                1
   b - Sticks to Snakes               Transmutation                2
   c - Spider Form                    Transmutation/Poison         3
   d - Ice Form                       Ice/Transmutation            4
   e - Blade Hands                    Transmutation                5
Comestibles
 c - 6 rations


   Skills:
 - Level 1.0 Fighting
 - Level 2.0 Dodging
 + Level 3.6 Unarmed Combat
 - Level 3.0 Spellcasting
 * Level 3.5 Transmutations


You had 6 spell levels left.
You knew the following spells:

 Your Spells              Type           Power        Failure   Level  Hunger
a - Beastly Appendage     Tmut           ##....       4%          1    #......
b - Sticks to Snakes      Tmut           ##......     7%          2    ##.....


Dungeon Overview and Level Annotations

Branches:
Dungeon (2/15)

Altars:

Annotations:
D:2 Terence


Innate Abilities, Weirdness & Mutations

You cannot wear most types of armour.
You are very stealthy in the water. (Stealth+)
You are amphibious.
You can wear up to eight rings at the same time.
You can use your tentacles to constrict eight enemies at once.
Your skin changes colour to match your surroundings (Stealth+).
Your rubbery body absorbs attacks. (AC +1, EV +1)


Message History

Casting: Sticks to Snakes
Confirm with . or Enter, or press ? or * to list all spells.
You create a snake!
You now have 49 arrows.
Terence misses you.
You swap places.
Your adder barely misses Terence.
Terence hits your adder with a hand axe.
Your adder barely misses Terence.
You see here a glowing robe.
Your adder bites Terence but does no damage.
Your adder bites Terence.
Terence is poisoned.
Your adder poisons Terence!
Terence hits you with a hand axe!
* * * LOW HITPOINT WARNING * * *
Terence hits your adder with a hand axe.
Your adder bites Terence but does no damage.
Terence says, "How do you enjoy it?"
Terence hits your adder but does no damage.
Your adder bites Terence but does no damage.
Your adder bites Terence but does no damage.
Your adder bites Terence but does no damage.
Terence hits you with a hand axe!
You die...

#)######
#...)..#.#.#
########).#
#......#.#.#
.8.8.8.8..#
#######......#.#.#
..........#
#.....#........#.#
..........#
#..[..#......###.###
..........#
#.....#......# #....
).........#
#..S..##############
..........#
#..@...).........#
.8.8.8.8..#
#..@..##########.#
###########
#......#########.#
#..............#.#
####.#.#######.#.#
#.#.#...#.# #.#
#.#.......# #.###
#.###.#.#.# #....
#.#.....# #####
#.#.#.#<#


You could see Terence and a friendly adder.

Vanquished Creatures
  4 adders (D:2)
  2 worms (D:2)
  3 dart slugs
  2 leopard geckos (D:2)
  A giant cockroach (D:1)
  7 hobgoblins
  5 jackals (D:2)
  3 kobolds
  A ball python (D:1)
  6 bats
  2 frilled lizards
  10 goblins
  2 rats
48 creatures vanquished.

Notes
Turn   | Place    | Note
-------+----------+-------------------------------------------
     0 | D:1      | Holzbalken the Octopode Transmuter began the quest for the Orb.
     0 | D:1      | Reached XP level 1. HP: 13/13 MP: 3/3
   185 | D:1      | Reached XP level 2. HP: 18/18 MP: 3/5
   753 | D:2      | Reached XP level 3. HP: 16/23 MP: 4/6
   957 | D:2      | Noticed Terence
  1682 | D:2      | Reached XP level 4. HP: 28/28 MP: 8/8
  1686 | D:2      | Learned a level 2 spell: Sticks to Snakes
  2596 | D:2      | Slain by Terence

Skill      XL: |  1  2  3  4 |
---------------+-------------+-----
Transmutations | 3 |  3.5
Spellcasting   | 3 |  3.0
Fighting       | |  1.0
Dodging        | |  2.0
Unarmed Combat | |  3.6

Action                   |  1- 3 |  4- 6 || total
-------------------------+-------+-------++-------
Melee: Unarmed           |    67 |    40 ||   107
       Tentacles         |    17 |     4 ||    21
       Constrict         |    18 |    10 ||    28
       Kick              |     7 |     7 ||    14
       Punch             |     1 |       ||     1
 Cast: Beastly Appendage |    14 |     4 ||    18
       Sticks to Snakes  |       |     4 ||     4
 Stab: Sleeping          |     6 |     3 ||     9
  Eat: Chunk             |     3 |     2 ||     5
Armor: Skin              |     2 |     2 ||     4
Dodge: Dodged            |    40 |    20 ||    60
